 Dungeon Crawl Stone Soup version 0.29.1-1-gd02db6906a (webtiles) character file.

Game seed: 13282333442861752236

2 MushR00m the Firebug (level 1, 0/13 HPs)
             Began as a Demonspawn Fire Elementalist on Sept 28, 2022.
             Constricted to death by a ball python (1 damage)
             ... on level 1 of the Dungeon.
             The game lasted 00:02:01 (63 turns).

MushR00m the Firebug (Demonspawn Fire Elementalist)   Turns: 63, Time: 00:02:01

Health: 0/13       AC:  2    Str:  8    XL:     1   Next: 25%
Magic:  1/3        EV:  9    Int: 16    God:
Gold:   13         SH:  0    Dex: 13    Spells: 3/4 levels left

rFire   . . .      SeeInvis .   (no weapon)
rCold   . . .      Faith    .   (no shield)
rNeg    . . .      Spirit   .   a - +0 robe
rPois   .          Reflect  .   (no helmet)
rElec   .          Harm     .   (no cloak)
rCorr   .          Rampage  .   (no gloves)
Will    .....                   (no boots)
Stlth   ++........              (no amulet)
HPRegen 0.04/turn               (no ring)
MPRegen 0.08/turn               (no ring)

@: flying, constricted
A: no striking features
a: no special abilities


You were on level 1 of the Dungeon.
You visited 1 branch of the dungeon, and saw 1 of its levels.

You collected 13 gold pieces.

Inventory:

Armour
 a - a +0 robe (worn)
 d - a +0 ring mail
Potions
 b - a potion of magic


   Skills:
 + Level 1.9 Dodging
 + Level 1.7 Stealth
 + Level 2.0 Spellcasting
 + Level 1.1 Conjurations
 + Level 2.6 Fire Magic


You had 3 spell levels left.
You knew the following spells:

 Your Spells              Type           Power      Damage    Failure   Level
a - Foxfire               Conj/Fire      28%        2x1d5     10%         1

Your spell library contained the following spells:

 Spells                   Type           Power      Damage    Failure   Level
 Scorch                   Fire           20%        2d6       11%         2
 Conjure Flame            Conj/Fire      7%         6-21      28%         3
 Inner Flame              Hex/Fire       5%         N/A       34%         3
 Flame Wave               Conj/Fire      7%         2d5       67%         4


Dungeon Overview and Level Annotations

Branches:
Dungeon (1/15)

Altars:


Message History

You barely miss the kobold. The rat bites you but does no damage.
The kobold barely misses you.
You closely miss the kobold. The kobold barely misses you.
The rat barely misses you.
You barely miss the kobold. The rat closely misses you.
The kobold closely misses you.
You hit the rat.
You kill the rat!
The kobold completely misses you.
You closely miss the kobold. The kobold hits you but does no damage.
You hit the kobold.
The kobold is moderately wounded.
The kobold hits you with a +0 whip.
You closely miss the kobold.
The kobold is moderately wounded.
The kobold completely misses you.
Casting: Foxfire (safe; 10% risk of failure)
Confirm with . or Enter, or press ? or * to list all spells.
You miscast Foxfire.
You are very lightly contaminated with residual magic.
Nothing appears to happen.
The kobold hits you with a +0 whip.
Unknown command.
A bat comes into view.
The bat moves out of view.
The bat hits you but does no damage. The kobold attacks as you move away!
The kobold hits you with a +0 whip.
* * * LOW HITPOINT WARNING * * *
The bat misses you.
It was a potion of flight.
You feel very buoyant.
You fly up into the air.
The kobold closely misses you. The bat barely misses you.
Your magical contamination has completely faded away.
A ball python comes into view.
The bat hits you but does no damage.
The ball python hisses angrily.
The bat closely misses you.
You miss the bat. The bat barely misses you. The ball python barely misses you.
The ball python grabs you. The ball python constricts you.
You die...

.. ... ... .... .. ##..
##.... #.##... ##....###
#......#######........
......................
.........##.K#S#......
............b.@.......
.........##♣♣♣.♣♣♣##..
.. ######..# ♣⌠♣ #..#
##..♣♣♣♣♣.♣♣♣♣♣..
.....###......⌠.<.⌠.....
..#..(....♣♣♣♣♣.♣♣♣♣♣..
...........# ♣⌠♣
....#####..##♣♣♣.♣♣♣##..
....###.................


You could see a bat, a ball python and a kobold.

Vanquished Creatures
  A giant cockroach (D:1)
  A rat (D:1)
2 creatures vanquished.

Vanquished Creatures (others)
  3 foxfires (D:1)
3 creatures vanquished.

Grand Total: 5 creatures vanquished

Notes
Turn   | Place    | Note
-------+----------+-------------------------------------------
     0 | D:1      | MushR00m the Demonspawn Fire Elementalist began the quest
                  | for the Orb.
     0 | D:1      | Reached XP level 1. HP: 13/13 MP: 3/3
    63 | D:1      | Constricted to death by a ball python

Illustrated notes

Levels and vault maps discovered:
D:1:      scummos_arrival_forest, layout_rooms, minmay_hexomino_u4

Action                   || total
-------------------------++-------
Melee: Unarmed           ||    12
 Cast: Foxfire           ||     2
  Use: Potion            ||     1
Armor: Robe              ||     6
Dodge: Dodged            ||    25
